 Dungeon Crawl Stone Soup version 0.18.1-50-g88ac8fd (webtiles) character file.

13379 Chiseanne the Unseen (level 11, -27/68 HPs)
             Began as a Spriggan Assassin on Mar 30, 2017.
             Was an Initiate of Gozag.
             Annihilated by a white ugly thing (35 damage)
             ... on level 12 of the Dungeon.
             The game lasted 00:44:21 (15687 turns).

Chiseanne the Unseen (Spriggan Assassin)           Turns: 15687, Time: 00:44:21

Health: -27/68     AC:  5    Str:  9    XL:     11   Next: 74%
Magic:  21/21      EV: 30    Int: 16    God:    Gozag
Gold:   636        SH:  0    Dex: 20    Spells: 0 memorised, 10 levels left

rFire  + . .     SeeInvis +     a - +1 short sword (venom)
rCold  . . .     Gourm    .     q - +1 robe of Vanity {rF+ Str+2 Stlth+} (curse)
rNeg   + . .     Faith    .     (shield restricted)
rPois  .         Spirit   .     (helmet restricted)
rElec  .         Dismiss  .     c - +1 cloak of the Black Moon {MP+9}
rCorr  .         Reflect  .     (gloves unavailable)
SustAt .         Harm     .     (boots unavailable)
MR     +....                    (no amulet)
Stlth  +++++++++.               p - ring of positive energy
                                x - +2 ring of intelligence

@: very quick, somewhat resistant to hostile enchantments, incredibly stealthy
A: unfitting armour, horns 1, see invisible, herbivore 3, speed 3, robust 1,
slow metabolism 2
a: Potion Petition, Call Merchant, Bribe Branch, Renounce Religion


You were on level 12 of the Dungeon.
You worshipped Gozag.
Gozag was noncommittal.
You were not hungry.

You visited 1 branch of the dungeon, and saw 12 of its levels.

You collected 2464 gold pieces.
You spent 821 gold pieces at shops.
You paid 1007 gold pieces to Gozag.

Inventory:

Hand Weapons
 a - a +1 short sword of venom (weapon)
 e - the +6 shortbow of Huiciu {speed, rPois rF+ Int-5}
   (You bought it in a shop on level 7 of the Dungeon)

   Attacks with this weapon are significantly faster.
   It affects your intelligence (-5).
   It protects you from fire.
   It protects you from poison.
 s - a +0 scimitar of flaming
 w - a +0 blowgun
 I - a +2 hunting sling of flaming
Missiles
 f - 182 arrows
 i - 247 stones (quivered)
 m - 185 bolts
 o - 61 sling bullets
 C - 47 poisoned needles
Armour
 c - the +1 cloak of the Black Moon (worn) {MP+9}
   (You bought it in a shop on level 6 of the Dungeon)

   It affects your magic capacity (+9).
 d - a +2 robe of cold resistance
 q - the cursed +1 robe of Vanity (worn) {rF+ Str+2 Stlth+}
   (You bought it in a shop on level 6 of the Dungeon)

   It affects your strength (+2).
   It protects you from fire.
   It makes you more stealthy.
   It has a curse placed upon it.
Jewellery
 p - a ring of positive energy (right hand)
 x - a +2 ring of intelligence (left hand)
 L - an uncursed ring of flight
Wands
 n - a wand of digging (7/24)
 A - a wand of enslavement (4/24)
 F - a wand of lightning (0/15)
Scrolls
 h - 6 scrolls of remove curse
 j - 3 scrolls of identify
 t - a scroll of immolation
 y - 2 scrolls of fog
 K - a scroll of blinking
Potions
 b - 3 potions of cure mutation
 k - 3 potions of flight
 l - a potion of ambrosia
 r - a potion of haste
 u - 2 potions of lignification
 z - a potion of resistance
 D - a potion of brilliance
 E - a potion of magic
Books
 G - a book of the Tempests

   Spells                             Type                      Level
   a - Static Discharge               Conjuration/Air              3
   b - Lightning Bolt                 Conjuration/Air              5
   c - Fireball                       Conjuration/Fire             5
   d - Tornado                        Air                          9
   e - Shatter                        Earth                        9
 H - a book of Annihilations

   Spells                             Type                      Level
   a - Poison Arrow                   Conjuration/Poison           6
   b - Chain Lightning                Conjuration/Air              8
   c - Lehudib's Crystal Spear        Conjuration/Earth            8
   d - Glaciate                       Conjuration/Ice              9
   e - Fire Storm                     Conjuration/Fire             9
 J - a book of the Earth

   Spells                             Type                      Level
   a - Leda's Liquefaction            Hexes/Earth                  4
   b - Bolt of Magma                  Conjuration/Fire/Earth       5
   c - Statue Form                    Transmutation/Earth          6
   d - Iron Shot                      Conjuration/Earth            6
   e - Shatter                        Earth                        9
Comestibles
 g - 9 bread rations
 M - 9 royal jellies


   Skills:
 * Level 9.2 Fighting
 - Level 2.1 Short Blades
 - Level 4.9 Bows
 - Level 2.0 Throwing
 * Level 3.1 Armour
 * Level 12.3 Dodging
 * Level 17.3 Stealth


You had 10 spell levels left.
You didn't know any spells.

Dungeon Overview and Level Annotations

Branches:
Dungeon (12/15)            Temple (0/1) D:7            Lair (0/8) D:10
    Orc (0/2) D:10

Altars:
Ashenzari
Cheibriados
Gozag
Kikubaaqudgha
Pakellas
Sif Muna
Trog
Xom
The Shining One

Shops:
D:6 [   D:7 (   D:8 %   D:9 }

Annotations:
D:4 MadZab's ghost, amateur TrBe


Innate Abilities, Weirdness & Mutations

You are tiny and cannot use many weapons and most armour.
You have supernaturally acute eyesight.
You are a herbivore.
You cover ground extremely quickly.
You need consume almost no food.
You have a pair of small horns on your head.
You are robust (+10% HP).


Message History

You headbutt the white ugly thing.
The white ugly thing is severely wounded.
The white ugly thing closely misses you.
You barely miss the white ugly thing.
The white ugly thing is severely wounded.
The white ugly thing completely misses you.
You hit the white ugly thing.
The white ugly thing is severely wounded.
The white ugly thing punches you! The white ugly thing freezes you!!
You barely miss the white ugly thing. You headbutt the white ugly thing.
The white ugly thing is severely wounded.
The white ugly thing completely misses you.
You hit the white ugly thing.
The white ugly thing is poisoned.
The white ugly thing is severely wounded.
The white ugly thing punches you!
* * * LOW HITPOINT WARNING * * *
The white ugly thing freezes you!!
Ouch! That really hurt!
You die...
Your body crumbles into a pile of gold.

.....##.# ..
........## .#.
. ......... ..
$.
.$...(.$###.#.#
....o.(<.(..C..
...####(#.(?..#
..####$#(#....
#.......$$###.#
..(((..$u@....#
##...(.(#####.#
#####... $(...
≈≈≈≈≈≈ (#######
$
###############


You could see a white ugly thing.

Vanquished Creatures
  Snorg (D:11)
  Erolcha (D:8)
  Fannar (D:11)
  A hydra (D:11)
  Erica (D:8)
  An unseen horror (D:12)
  A hill giant (D:10)
  2 ugly things (D:11)
  A cyclops (D:12)
  A gargoyle (D:10)
  A komodo dragon (D:10)
  A troll (D:11)
  10 yaks
  A wyvern (D:10)
  Edmund (D:5)
  A mottled dragon (D:12)
  3 ice beasts
  3 phantoms
  3 orc warriors
  3 sky beasts
  3 black bears
  An eye of draining (D:9)
  3 ogres
  11 centaurs
  9 giant frogs
  4 scorpions
  2 wyvern skeletons
  A howler monkey (D:5)
  5 crimson imps
  An iron imp (D:6)
  3 jellies (D:10)
  A centaur zombie (D:8)
  4 hounds
  6 orc wizards
  A centaur skeleton (D:7)
  4 orc priests
  3 giant frog skeletons
  2 iguanas
  Jessica (D:2)
  Terence (D:3)
  5 worker ants
  A hound skeleton (D:8)
  A howler monkey zombie (D:8)
  3 worker ant zombies
  13 adders
  A howler monkey skeleton (D:11)
  11 gnolls
  2 shadow imps
  7 oozes
  An adder zombie (D:5)
  An adder skeleton (D:8)
  3 worms
  2 dart slugs
  8 giant geckos
  28 orcs
  7 giant cockroaches
  10 goblins
  8 hobgoblins
  4 jackals (D:2)
  3 quokkas
  6 bats
  7 giant newts
  A goblin skeleton (D:6)
  A goblin zombie (D:6)
  A hobgoblin zombie (D:6)
  6 kobolds
  2 orc skeletons (D:6)
  3 orc zombies (D:6)
  10 rats
  A plant (D:10)
261 creatures vanquished.

Vanquished Creatures (collateral kills)
  A gnoll (D:7)
1 creature vanquished.

Vanquished Creatures (others)
  A plant (D:10)
1 creature vanquished.

Grand Total: 263 creatures vanquished

Notes
Turn   | Place    | Note
--------------------------------------------------------------
     0 | D:1      | Chiseanne the Spriggan Assassin began the quest for the Orb.
     0 | D:1      | Reached XP level 1. HP: 10/10 MP: 2/2
    53 | D:1      | Reached skill level 6 in Stealth
   283 | D:1      | Reached XP level 2. HP: 12/14 MP: 3/3
   579 | D:1      | Reached skill level 7 in Stealth
   979 | D:1      | Reached XP level 3. HP: 18/18 MP: 4/4
  1495 | D:2      | Found an opulent altar of Gozag.
  1503 | D:2      | Became a worshipper of Gozag Ym Sagoz the Greedy
  1517 | D:2      | Noticed Jessica
  1529 | D:2      | Killed Jessica
  1529 | D:2      | Reached skill level 8 in Stealth
  1529 | D:2      | Reached XP level 4. HP: 17/23 MP: 5/5
  2728 | D:3      | Reached XP level 5. HP: 19/27 MP: 6/6
  3183 | D:3      | Noticed Terence
  3242 | D:3      | Killed Terence
  3443 | D:3      | Reached skill level 9 in Stealth
  3456 | D:3      | Found an ancient bone altar of Kikubaaqudgha.
  3686 | D:3      | Reached XP level 6. HP: 22/32 MP: 7/7
  4215 | D:4      | Noticed MadZab's ghost (amateur TrBe)
  4988 | D:5      | Entered Level 5 of the Dungeon
  5110 | D:5      | Found a snail-covered altar of Cheibriados.
  5113 | D:5      | Found a shimmering altar of Xom.
  5116 | D:5      | Found a deep blue altar of Sif Muna.
  5295 | D:5      | Noticed Edmund
  5362 | D:5      | Killed Edmund
  5362 | D:5      | Reached XP level 7. HP: 20/37 MP: 8/8
  5819 | D:5      | Reached skill level 10 in Stealth
  5899 | D:5      | Reached skill level 5 in Dodging
  6931 | D:6      | Found a glowing golden altar of the Shining One.
  6976 | D:6      | Reached skill level 11 in Stealth
  7243 | D:6      | Reached XP level 8. HP: 27/42 MP: 9/9
  7439 | D:6      | Reached skill level 5 in Fighting
  7758 | D:6      | Found a shattered altar of Ashenzari.
  8012 | D:6      | Bought a scorched cloak for 266 gold pieces
  8023 | D:6      | Identified the +1 cloak of the Black Moon {MP+9} (You bought it in a shop on level 6 of the Dungeon)
  8098 | D:6      | Reached skill level 12 in Stealth
  8493 | D:7      | Gained mutation: You have a pair of small horns on your head. [potion of beneficial mutation]
  8494 | D:7      | Gained mutation: You are robust (+10% HP). [potion of beneficial mutation]
  8524 | D:7      | Found Agrob's Antique Weapon Boutique.
  8913 | D:7      | Found a staircase to the Ecumenical Temple.
  9207 | D:7      | Bought a runed short sword for 108 gold pieces
  9247 | D:8      | Reached skill level 13 in Stealth
  9247 | D:8      | Reached XP level 9. HP: 52/52 MP: 10/10
  9262 | D:8      | Noticed Erica
  9300 | D:8      | Killed Erica
  9375 | D:8      | Reached skill level 14 in Stealth
  9587 | D:8      | Found a bloodstained altar of Trog.
  9892 | D:8      | Found Sazxedu's Food Boutique.
 10302 | D:8      | Noticed Erolcha
 10438 | D:8      | Paralysed by Erolcha for 4 turns
 10453 | D:8      | Killed Erolcha
 10453 | D:8      | Reached skill level 15 in Stealth
 10453 | D:8      | Reached XP level 10. HP: 20/61 MP: 11/11
 10798 | D:6      | Bought a shadowed robe for 159 gold pieces
 10809 | D:6      | Identified the cursed +1 robe of Vanity {rF+ Str+2 Stlth+} (You bought it in a shop on level 6 of the Dungeon)
 11138 | D:9      | Found an oddly glowing altar of Pakellas.
 11347 | D:7      | Bought a crystal shortbow for 288 gold pieces
 11349 | D:7      | Identified the +6 shortbow of Huiciu {speed, rPois rF+ Int-5} (You bought it in a shop on level 7 of the Dungeon)
 11431 | D:9      | Reached skill level 1 in Bows
 11452 | D:9      | Found Siashe's Gadget Emporium.
 11884 | D:10     | Entered Level 10 of the Dungeon
 11934 | D:10     | Found a staircase to the Lair.
 11972 | D:10     | Reached skill level 10 in Dodging
 12397 | D:10     | Noticed a gargoyle
 12438 | D:10     | Killed a gargoyle
 12438 | D:10     | Reached skill level 16 in Stealth
 12607 | D:10     | Noticed a hill giant
 12622 | D:10     | Killed a hill giant
 12991 | D:10     | Reached XP level 11. HP: 47/66 MP: 12/12
 13330 | D:10     | Found a staircase to the Orcish Mines.
 13396 | D:11     | Noticed a purple ugly thing
 13412 | D:11     | Killed a purple ugly thing
 13430 | D:11     | Noticed Snorg
 13483 | D:11     | Noticed Fannar
 13709 | D:12     | Noticed a sphinx
 13709 | D:12     | Noticed a deep troll earth mage
 13709 | D:12     | Noticed a frost giant
 13709 | D:12     | Noticed an unseen horror
 13709 | D:12     | Noticed a deep elf high priest
 13709 | D:12     | Noticed a frost giant
 13709 | D:12     | Noticed a fire giant
 13710 | D:12     | Killed an unseen horror
 13710 | D:12     | Reached skill level 1 in Armour
 13712 | D:12     | Noticed a phantasmal warrior
 13718 | D:12     | Noticed a vampire knight
 13718 | D:12     | Noticed a six-headed hydra
 13760 | D:11     | HP: 2/66 [Fannar/staff of cold (13)]
 13761 | D:11     | Killed Fannar
 14549 | D:11     | Killed Snorg
 14711 | D:11     | Reached skill level 17 in Stealth
 15205 | D:11     | Noticed a purple ugly thing
 15213 | D:11     | Killed a purple ugly thing
 15236 | D:11     | Noticed a four-headed hydra
 15272 | D:11     | Killed a four-headed hydra
 15666 | D:12     | Noticed a white ugly thing
 15687 | D:12     | Annihilated by a white ugly thing

Skill      XL: |  1  2  3  4  5  6  7  8  9 10 11 |
---------------+----------------------------------+-----
Stealth        | 6 7 8 9 11 13 15 16 17 | 17.3
Dodging        | 2 4 5 7 9 10 12 | 12.3
Fighting       | 2 3 4 6 7 8 9 |  9.2
Bows           | 4 |  4.9
Armour         | 3 |  3.1
Short Blades   | |  2.1
Throwing       | |  2.0

Action                   |  1- 3 |  4- 6 |  7- 9 | 10-12 || total
-------------------------+-------+-------+-------+-------++-------
Melee: Dagger            |    54 |   176 |   224 |       ||   454
       Headbutt          |       |       |    31 |    52 ||    83
       Short sword       |       |       |    89 |   251 ||   340
       Scimitar          |       |       |       |    10 ||    10
 Fire: Blowgun           |    14 |    84 |    48 |     3 ||   149
       Shortbow          |       |       |       |   212 ||   212
Throw: Stone             |       |       |     2 |       ||     2
Invok: Potion Petition   |     1 |       |       |     1 ||     2
       Call Merchant     |       |       |     1 |       ||     1
Evoke: Wand              |       |     2 |     7 |    13 ||    22
  Use: Scroll            |     2 |    11 |     8 |     9 ||    30
       Potion            |       |       |     7 |     4 ||    11
 Stab: Sleeping          |     7 |    23 |    12 |    23 ||    65
       Distracted        |       |     1 |     5 |     3 ||     9
       Invisible         |       |       |       |     1 ||     1
  Eat: Royal jelly       |       |     1 |     1 |     1 ||     3
       Pizza             |       |     1 |       |       ||     1
       Fruit             |       |       |     4 |     4 ||     8
Armor: Robe              |     6 |    18 |    25 |    21 ||    70
       Skin              |       |       |     1 |     1 ||     2
Dodge: Dodged            |    53 |   122 |   299 |   324 ||   798
